AoeStats
← WING123456

Arena

509615555Analyzed
4v4 RM · 5d ago on Sep 27, 2026· 59m 32s· 8 players
Game mode
Random Map
Map size
Large (8 player)
Population
200
Speed
Normal
Resources
Standard
Victory
Conquest
Starting age
Dark Age
Ending age
Imperial Age
RankedLock teamsTeams togetherTeam positionsShared explorationLock speedFull tech treeHidden civsTurbo modeCheats
Victory
Defeat
🇨🇳 Spanish · China
1094
+14
🇹🇼 Khmer · Taiwan
1093
+14
🇨🇳 Franks · China
1086
+14
🇹🇼 Italians · Taiwan
1085
+14
🇪🇨 Byzantines · Ecuador
1081
-15
🇨🇳 Britons · China
1055
-14
🇪🇸 Franks · Spain
1035
-14
🇳🇱 Danes · Netherlands
1029
-13
jasonpanex
7:25 Loom
9:10 Feudal Age
10:55 Double-Bit Axe
12:09 Fletching
22:36 Castle Age
20:44 Horse Collar
24:11 Stone Mining
26:46 Stone Shaft Mining
26:02 Gold Mining
27:17 Bodkin Arrow
27:25 Padded Archer Armor
30:51 Imperial Age
28:27 Murder Holes
32:35 Chemistry
32:25 Conscription
33:17 Wheelbarrow
32:27 Town Watch
33:48 Leather Archer Armor
35:18 Heavy Plow
36:30 Hand Cart
36:15 Town Patrol
37:17 Elite Skirmisher
41:38 Ballistics
43:06 Thumb Ring
45:12 Capped Ram
48:14 Pirotechnia
50:25 Bloodlines
50:16 Husbandry
49:37 Light Cavalry
52:22 Silk Road
53:34 Scale Barding Armor
53:49 Forging
55:06 Bow Saw
56:03 Caravan
57:03 Crop Rotation
karewellx
12:17 Feudal Age
16:05 Castle Age
14:10 Double-Bit Axe
14:06 Horse Collar
15:16 Loom
15:35 Gold Mining
17:46 Bow Saw
17:37 Heavy Plow
20:02 Town Watch
20:55 Wheelbarrow
24:32 Hand Cart
25:04 Gold Shaft Mining
33:07 Imperial Age
37:18 Imperial Age
37:42 Capped Ram
47:06 Siege Ram
47:52 Town Watch
50:37 Siege Engineers
49:58 Heavy Scorpion
51:01 Conscription
52:04 Double Crossbow
58:03 Ballistics
lancer
11:16 Feudal Age
9:55 Loom
15:23 Castle Age
14:07 Double-Bit Axe
14:17 Gold Mining
19:01 Wheelbarrow
29:32 Imperial Age
28:20 Gold Shaft Mining
28:32 Town Watch
29:02 Hand Cart
29:21 Scale Barding Armor
29:27 Forging
30:22 Chain Barding Armor
30:10 Husbandry
29:35 Cavalier
31:32 Stone Mining
32:29 Plate Barding Armor
32:30 Iron Casting
31:51 Paladin
35:59 Blast Furnace
35:21 Conscription
37:37 Town Patrol
47:19 Chivalry
47:55 Hoardings
51:07 Elite Throwing Axeman
51:17 Elite Throwing Axeman
52:46 Scale Mail Armor
52:37 Fletching
56:31 Chain Mail Armor
56:12 Bodkin Arrow
WING123456
10:22 Feudal Age
15:56 Castle Age
13:59 Double-Bit Axe
14:27 Horse Collar
15:00 Padded Archer Armor
17:07 Leather Archer Armor
19:34 Bloodlines
26:01 Ballistics
27:50 Wheelbarrow
31:40 Gold Mining
38:38 Imperial Age
36:26 Fletching
38:06 Hand Cart
39:00 Heavy Plow
39:08 Husbandry
40:36 Chemistry
39:28 Cavalier
40:36 Bodkin Arrow
41:11 Ring Archer Armor
40:42 Bodkin Arrow
40:17 Light Cavalry
41:05 Hussar
43:27 Conscription
42:28 Elite Conquistador
43:15 Bracer
44:51 Forging
44:41 Scale Mail Armor
45:00 Forging
44:56 Scale Barding Armor
47:01 Bow Saw
47:28 Gambesons
47:45 Squires
47:31 Arson
47:53 Scale Mail Armor
48:29 Iron Casting
48:39 Iron Casting
47:36 Man-at-Arms
48:35 Long Swordsman
50:35 Two-Man Saw
49:54 Chain Mail Armor
50:41 Blast Furnace
49:26 Two-Handed Swordsman
51:20 Plate Mail Armor
50:24 Champion
54:20 Chain Barding Armor
HardstyleHunter
10:55 Feudal Age
15:21 Castle Age
14:29 Double-Bit Axe
14:26 Horse Collar
18:20 Loom
21:34 Arson
21:49 Squires
25:24 Wheelbarrow
32:04 Hand Cart
36:25 Elite Skirmisher
46:05 Stone Mining
46:05 Gold Mining
52:04 Heavy Plow
54:09 Pikeman
55:26 Forging
55:25 Scale Mail Armor
55:30 Gambesons
56:52 Iron Casting
henry2992
11:46 Feudal Age
15:59 Castle Age
14:30 Double-Bit Axe
14:34 Horse Collar
17:23 Wheelbarrow
17:36 Bow Saw
CTM | sergiobcn
10:41 Feudal Age
12:02 Stone Mining
12:33 Double-Bit Axe
13:08 Loom
14:38 Fletching
20:49 Castle Age
19:30 Gold Mining
21:58 Bow Saw
22:15 Bodkin Arrow
23:55 Wheelbarrow
25:29 Town Watch
28:48 Gold Shaft Mining
28:52 Hand Cart
29:57 Scale Barding Armor
35:24 Imperial Age
33:20 Husbandry
33:40 Forging
35:19 Chain Barding Armor
35:41 Cavalier
37:20 Plate Barding Armor
37:53 Devotion
40:14 Iron Casting
40:31 Scale Mail Armor
40:20 Pikeman
41:25 Squires
42:59 Chain Mail Armor
43:31 Town Patrol
43:56 Ballistics
44:38 Chemistry
43:24 Halberdier
45:04 Paladin
48:31 Conscription
48:49 Hoardings
49:44 Blast Furnace
49:16 Plate Mail Armor
50:17 Light Cavalry
54:55 Fortified Wall
Ehco
9:46 Feudal Age
14:17 Castle Age
13:39 Double-Bit Axe
17:39 Loom
26:19 Wheelbarrow
28:44 Pikeman
33:17 Imperial Age
31:00 Horse Collar
32:30 Fletching
32:41 Padded Archer Armor
33:10 Fortified Wall
32:55 Murder Holes
33:06 Scale Mail Armor
33:18 Forging
33:23 Heavy Plow
34:29 Conscription
33:42 Halberdier
35:05 Bodkin Arrow
34:55 Man-at-Arms
36:46 Hand Cart
36:53 Elite Longbowman
37:36 Bracer
38:05 Squires
38:42 Iron Casting
38:22 Chain Mail Armor
38:28 Gold Mining
38:28 Stone Mining
39:06 Yeomen
39:26 Bow Saw
42:03 Blast Furnace
41:34 Plate Mail Armor
43:02 Warwolf
44:19 Leather Archer Armor
45:17 Hoardings
44:57 Scale Barding Armor
45:49 Ring Archer Armor
Connection lost

Rejoining the realm…

Still unreachable

The connection could not be restored.

Session expired

The server has moved on; the page needs a fresh start.